 Dungeon Crawl Stone Soup version 0.25-a0-404-gc1b5a34 (webtiles) character file.

Game seed: 11261870178073823521, levelgen mode: deterministic

217 EternalFade the Poker (level 5, 0/41 HPs)
             Began as a Merfolk Skald on Jan 12, 2020.
             Was a Follower of Kikubaaqudgha.
             Slain by a sky beast (5 damage)
             ... on level 5 of the Dungeon.
             The game lasted 00:23:46 (4714 turns).

EternalFade the Poker (Merfolk Skald)               Turns: 4714, Time: 00:23:47

Health: 0/41       AC:  3    Str: 11    XL:     5   Next: 94%
Magic:  1/9        EV: 13    Int: 14    God:    Kikubaaqudgha [*.....]
Gold:   156        SH:  0    Dex: 13    Spells: 6/9 levels left

rFire    . . .     SeeInvis .   a - +0 spear
rCold    . . .     Gourm    .   (no shield)
rNeg     . . .     Faith    .   b - +0 leather armour
rPois    .         Spirit   .   (no helmet)
rElec    .         Reflect  .   (no cloak)
rCorr    .         Harm     .   (no gloves)
MR       .....                  (no boots)
Stlth    +.........             (no amulet)
HPRegen  0.13/turn              (no ring)
MPRegen  0.11/turn              (no ring)

@: infused (expiring)
A: change form in water, swift swim, stealthy swim
a: Receive Corpses, Renounce Religion


You were on level 5 of the Dungeon.
You worshipped Kikubaaqudgha.
Kikubaaqudgha was aware of your devotion.
You were not hungry.

You visited 1 branch of the dungeon, and saw 5 of its levels.

You collected 156 gold pieces.

Inventory:

Hand Weapons
 a - a +0 spear (weapon)
Missiles
 c - 130 stones (quivered)
 q - 3 javelins
Armour
 b - a +0 leather armour (worn)
 g - a +0 pair of gloves
   (You found it on level 1 of the Dungeon)
 m - a +0 cloak
   (You found it on level 2 of the Dungeon)
 u - a +0 pair of boots
   (You found it on level 3 of the Dungeon)
 B - a +0 cloak
   (You found it on level 3 of the Dungeon)
Wands
 x - a wand of polymorph (8)
   (You took it off a kobold on level 3 of the Dungeon)
Scrolls
 d - a scroll of magic mapping {unknown}
 h - 2 scrolls of amnesia {unknown}
 n - 5 scrolls of remove curse {unknown}
 o - 2 scrolls of teleportation {unknown}
 p - 2 scrolls of fear {unknown}
 t - a scroll of identify {unknown}
 y - a scroll of enchant armour {unknown}
 z - 2 scrolls of blinking {unknown}
Potions
 f - 3 potions of curing {unknown}
 i - a potion of might {unknown}
 j - a potion of agility {unknown}
 k - a potion of lignification {unknown}
 l - a potion of heal wounds {unknown}
 r - 2 potions of flight {unknown}
 s - a potion of degeneration {unknown}
 v - a potion of haste {unknown}
 A - a potion of resistance {unknown}
Comestibles
 e - 7 rations {!d}
 w - a chunk of flesh


   Skills:
 + Level 3.4 Fighting
 + Level 4.5 Polearms
 - Level 0.6 Armour
 + Level 4.0 Dodging
 + Level 2.8 Spellcasting
 + Level 4.1 Charms
 + Level 0.7 Necromancy
 + Level 0.6 Translocations


You had 6 spell levels left.
You knew the following spells:

 Your Spells              Type           Power        Failure   Level  Hunger
a - Infusion              Chrm           ##..         5%          1    #......
A - Shroud of Golubria    Chrm/Tloc      #.....       16%         2    ##.....

Your spell library contained the following spells:

 Spells                   Type           Power        Failure   Level  Hunger
 Song of Slaying          Chrm           ##......     8%          2    ##.....
 Pain                     Necr           #...         22%         1    #......
 Sublimation of Blood     Necr           #.........   32%         2    ##.....
 Corpse Rot               Necr/Air       N/A          36%         2    ##.....
 Ozocubu's Armour         Chrm/Ice       #.......     36%         3    ###....
 Spectral Weapon          Hex/Chrm       #.......     36%         3    ###....
 Vampiric Draining        Necr           #.........   54%         3    ###....


Dungeon Overview and Level Annotations

Branches:
Dungeon (5/15)
 Temple: D:4-7

Altars:
Dithmenos
Elyvilon
Hepliaklqana
Kikubaaqudgha
Makhleb
Uskayaw
Xom

Annotations:
D:4 Grinder


Message History

You closely miss something. Something barely misses you.
You hit something! Something hits you. Something shocks you.
You hit something.
Your shroud bends something's attack away.
You miss something.
Your shroud begins to fray at the edges.
A sky beast appears from thin air!
Reactivating autopickup.
The sky beast hits you but does no damage.
You completely miss the sky beast.
The sky beast flickers out of sight!
Deactivating autopickup; reactivate with Ctrl-A.
Your shroud bends something's attack away.
You hit something. You hit something. Something hits you. Something shocks you.
You hit something. Something hits you but does no damage.
You hit something but do no damage.
Your shroud bends something's attack away.
You completely miss something.
A sky beast appears from thin air!
Reactivating autopickup.
Your shroud bends the sky beast's attack away.
You closely miss the sky beast.
Your shroud unravels.
The sky beast hits you. The sky beast shocks you.
* * * LOW HITPOINT WARNING * * *
You hit the sky beast. The sky beast hits you.
* * * LOW HITPOINT WARNING * * *
The sky beast shocks you.
* * * LOW HITPOINT WARNING * * *
You are too injured to fight recklessly!
Casting: Infusion (safe; 5% risk of failure) Space distorts slightly along a thin shroud covering your body.
The sky beast hits you but does no damage.
You are too injured to fight recklessly!
You miss the sky beast. You hit the sky beast but do no damage.
Your magical infusion is running out.
The sky beast hits you but does no damage.
You hit the sky beast.
The sky beast flickers out of sight!
Deactivating autopickup; reactivate with Ctrl-A.
Something barely misses you. Something hits you.
* * * LOW HITPOINT WARNING * * *
Something shocks you.
You die...
Kikubaaqudgha rasps: "You have failed me!
Welcome... death!"

######
#....#
#....#
#....#
#....#
#....####
#@{......
#........
#....####
#....#
#...!#
######


There were no monsters in sight!

Vanquished Creatures
  A hound (D:4)
  An iguana (D:3)
  A worker ant (D:2)
  A hound skeleton (D:4)
  3 adders
  An ooze (D:1)
  4 worms
  A dart slug (D:3)
  4 leopard geckos
  4 orcs (D:3)
  A ball python (D:3)
  5 giant cockroaches
  5 goblins
  7 hobgoblins
  8 jackals (D:1)
  A quokka (D:2)
  7 bats
  6 frilled lizards
  2 kobolds
  8 rats
71 creatures vanquished.

Notes
Turn   | Place    | Note
-------+----------+-------------------------------------------
     0 | D:1      | EternalFade the Merfolk Skald began the quest for the Orb.
     0 | D:1      | Reached XP level 1. HP: 16/16 MP: 3/3
   235 | D:1      | Reached XP level 2. HP: 17/23 MP: 5/5
   622 | D:1      | Reached XP level 3. HP: 28/28 MP: 6/6
  1507 | D:2      | Learned a level 2 spell: Shroud of Golubria
  1565 | D:2      | Found a shadowy altar of Dithmenos.
  1667 | D:2      | Found a burning altar of Makhleb.
  1668 | D:2      | Found an ancient bone altar of Kikubaaqudgha.
  1668 | D:2      | Found a hazy altar of Hepliaklqana.
  1669 | D:2      | Found a white marble altar of Elyvilon.
  1670 | D:2      | Found a hide-covered altar of Uskayaw.
  1703 | D:2      | Became a worshipper of Kikubaaqudgha
  1770 | D:2      | Reached XP level 4. HP: 24/34 MP: 4/7
  2214 | D:2      | Found a shimmering altar of Xom.
  2860 | D:3      | Reached * piety under Kikubaaqudgha
  2860 | D:3      | Identified Kikubaaqudgha's Reference Book on Sinister Rites
                  | (Kikubaaqudgha gifted it to you on level 3 of the Dungeon)
  2860 | D:3      | Received a gift from Kikubaaqudgha
  3486 | D:2      | Reached XP level 5. HP: 26/41 MP: 5/9
  3928 | D:4      | Noticed an ogre
  4537 | D:4      | Noticed Grinder
  4693 | D:5      | Entered Level 5 of the Dungeon
  4693 | D:5      | Noticed a sky beast
  4714 | D:5      | Slain by a sky beast

Levels and vault maps discovered:
D:1:      dpeg_arrival_signposts, layout_basic, serial_rivers,
          chequers_serial_rivers_micro_e, chequers_serial_rivers_large_a,
          chequers_serial_rivers_micro_b, chequers_serial_rivers_room_a,
          chequers_serial_rivers_small_3
D:2:      layout_loops_corners, grunt_temple_overflow_open, xom_teletrap_fun,
          lemuel_altar_in_water
D:3:      layout_rooms, first_ration, minmay_starry_boxes
D:4:      layout_basic, uniq_grinder
D:5:      layout_rooms, kennysheep_generic_room_4

Skill      XL: |  1  2  3  4  5 |
---------------+----------------+-----
Dodging        | 3 4 |  4.0
Polearms       | 4 |  4.5
Fighting       | 3 |  3.4
Charms         | 4 |  4.1
Armour         | |  0.6
Spellcasting   | |  2.8
Necromancy     | |  0.7
Translocations | |  0.6

Action                   |  1- 3 |  4- 6 || total
-------------------------+-------+-------++-------
Melee: Spear             |   135 |   185 ||   320
       Tailslap          |     2 |       ||     2
 Cast: Infusion          |     4 |     8 ||    12
       Shroud of Golubri |       |     6 ||     6
 Stab: Sleeping          |     2 |       ||     2
  Eat: Chunk             |     2 |     7 ||     9
       Ration            |       |     1 ||     1
Armor: Leather armour    |    12 |    24 ||    36
Dodge: Dodged            |    52 |    99 ||   151

Table legend:
 A = Non-vault XP
 B = Vault XP
 C = Vault XP percentage of total XP
 D = Non-vault monster count
 E = Vault monster count
 F = Vault count percentage of total count
                 A         B        C        D         E       F
            +---------+---------+-------+---------+---------+-------
      Total |     288 |      23 |   7.4 |      65 |       6 |   8.5
            +---------+---------+-------+---------+---------+-------
        D:1 |      44 |       0 |   0.0 |      22 |       0 |   0.0
        D:2 |      88 |       0 |   0.0 |      19 |       0 |   0.0
        D:3 |      84 |      23 |  21.5 |      18 |       6 |  25.0
        D:4 |      72 |       0 |   0.0 |       6 |       0 |   0.0
            +---------+---------+-------+---------+---------+-------
